 Dungeon Crawl Stone Soup version 0.30.1-11-g7821555f0a (webtiles) character file.

Game seed: 1019469206813038898

63 hawla the Firebug (level 4, -1/33 HPs)
             Began as a Meteoran Fire Elementalist on Dec 13, 2023.
             Slain by a gnoll
             ... wielding a +0 spear
              (6 damage)
             ... on level 3 of the Dungeon.
             The game lasted 00:03:13 (411 turns).

hawla the Firebug (Meteoran Fire Elementalist)       Turns: 411, Time: 00:03:14

Health: -1/33      AC:  2    Str: 10    XL:     4   Next: 55%
Magic:  0/10       EV: 12    Int: 18    God:
Gold:   40         SH:  0    Dex: 14    Spells: 3/9 levels left

rFire   . . .        f - +0 rapier (venom)
rCold   . . .        (no shield)
rNeg    . . .        a - +0 robe
rPois   .            (no helmet)
rElec   .            (no cloak)
rCorr   .            (no gloves)
SInv    .            (no boots)
Will    .....        (no amulet)
Stlth   +            (no ring)
HPRegen 0.25/turn    (no ring)
MPRegen 0.12/turn

%: no passive effects
@: glowing
A: sense surroundings 1, otherworldly, glowing, explore regen
a: no special abilities


You were on level 3 of the Dungeon.
You visited 1 branch of the dungeon, and saw 3 of its levels.

You collected 40 gold pieces.

Inventory:

Hand Weapons
 f - a +0 rapier of venom (weapon)
Armour
 a - a +0 robe (worn)
Jewellery
 e - a ring of ice
 i - a ring of resist corrosion
Wands
 h - a wand of charming (9) (quivered)
Scrolls
 d - a scroll of magic mapping {unknown}
 g - a scroll of amnesia {unknown}
Potions
 b - a potion of magic
 c - a potion of attraction {unknown}
 j - a potion of flight {unknown}


   Skills:
 - Level 2.7 Dodging
 - Level 1.5 Stealth
 - Level 3.4 Spellcasting
 + Level 2.3 Conjurations
 - Level 4.6 Fire Magic
 + Level 0.2 Ice Magic


You had 3 spell levels left.
You knew the following spells:

 Your Spells              Type           Power      Damage    Failure   Level
a - Foxfire               Conj/Fire      60%        2x1d7     3%          1
b - Scorch                Fire           38%        2d6       3%          2
c - Hailstorm             Conj/Ice       7%         3d4       28%         3

Your spell library contained the following spells:

 Spells                   Type           Power      Damage    Failure   Level
 Inner Flame              Hex/Fire       11%        N/A       19%         3
 Volatile Blastmotes      Fire/Tloc      22%        2d11      19%         3
 Flame Wave               Conj/Fire      15%        2d7       36%         4
 Ice Form                 Ice/Tmut       3%         N/A       83%         4
 Simulacrum               Ice/Necr       1%         N/A       100%        6


Dungeon Overview and Level Annotations

Branches:
Dungeon (3/15) Zot: 1387

Altars:


Innate Abilities, Weirdness & Mutations

You passively map a small area around you.
You are easily found by Zot.
You glow in the dark.
You regain HP and MP as you explore.


Message History

You see here a +0 flail.
You closely miss the gnoll.
The gnoll is lightly wounded.
The gnoll hits you with a +0 spear.
You closely miss the gnoll.
The gnoll is lightly wounded.
The gnoll hits you with a +0 spear!
You closely miss the gnoll.
The gnoll is lightly wounded.
The gnoll hits you with a +0 spear.
You hit the gnoll but do no damage.
The gnoll is lightly wounded.
The gnoll closely misses you. The gnoll barely misses you.
You closely miss the gnoll.
The gnoll is lightly wounded.
The gnoll closely misses you.
You completely miss the gnoll.
The gnoll is lightly wounded.
The gnoll barely misses you.
Casting: Foxfire (safe; 3% risk of failure)
Confirm with . or Enter, or press ? or * to list all spells.
Flames lash the gnoll.
The gnoll is severely wounded.
The gnoll's fire resistance burns away.
The gnoll hits you with a +0 spear.
Casting: Scorch (safe; 3% risk of failure)
Confirm with . or Enter, or press ? or * to list all spells.
You don't have enough magic to cast this spell.
You completely miss the gnoll.
The gnoll is severely wounded.
The gnoll hits you with a +0 spear.
Your magical contamination has completely faded away.
You hit the gnoll.
The gnoll is poisoned.
The gnoll is almost dead.
The gnoll closely misses you.
You barely miss the gnoll.
The gnoll is almost dead.
The gnoll hits you with a +0 spear.
* * * LOW HITPOINT WARNING * * *
The gnoll hits you with a +0 spear.
You die...

#..# * * * , ##.#
* * , #.# * ,*
#.#######
###........
#..........
##.##**
#.#.#######
......####.#.#####
#.....g@.........#
......##.#.#####.#
* ..... ...#.# ,
......####.# .....
* #.# .... #.# , #
# *, #.. , , *.#.
* ,* , ,


You could see a gnoll (very poisoned, combustible).

Vanquished Creatures
  2 gnolls (D:3)
  3 adders (D:2)
  A worm (D:2)
  3 hobgoblins
  2 kobolds
  A bat (D:2)
  A frilled lizard (D:3)
  4 goblins
17 creatures vanquished.

Vanquished Creatures (others)
  24 foxfires
24 creatures vanquished.

Grand Total: 41 creatures vanquished

Notes
Turn   | Place    | Note
-------+----------+-------------------------------------------
     0 | D:1      | hawla the Meteoran Fire Elementalist began the quest for
                  | the Orb.
     0 | D:1      | Reached XP level 1. HP: 14/14 MP: 5/5
   110 | D:2      | Reached XP level 2. HP: 20/20 MP: 5/7
   113 | D:2      | Learned a level 2 spell: Scorch
   138 | D:2      | Reached skill level 4 in Fire Magic
   138 | D:2      | Reached XP level 3. HP: 21/26 MP: 1/8
   321 | D:3      | Reached XP level 4. HP: 33/33 MP: 7/10
   331 | D:3      | Learned a level 3 spell: Hailstorm
   370 | D:3      | Found a faded altar of an unknown god.
   411 | D:3      | Slain by a gnoll

Illustrated notes

Levels and vault maps discovered:
D:1:      tarquinn_simple_flora_water_e, layout_basic, serial_bayou_crossing
D:2:      layout_loops_corners, minmay_small_reverse_x, uniq_natasha
D:3:      layout_loops_ring, nicolae_overflow_hidden_temple,
          ebering_ecumenical_altar_mist

Skill      XL: |  1  2  3  4 |
---------------+-------------+-----
Spellcasting   | 3 |  3.4
Fire Magic     | 4 |  4.6
Conjurations   | 2 |  2.3
Dodging        | |  2.7
Stealth        | |  1.5
Ice Magic      | |  0.2

Action                     |  1- 3 |  4- 6 || total
---------------------------+-------+-------++-------
  Melee: Unarmed           |     6 |       ||     6
         Rapier            |       |    10 ||    10
   Cast: Foxfire           |    13 |     3 ||    16
         Scorch            |     7 |     3 ||    10
         Hailstorm         |       |     1 ||     1
 Armour: Robe              |     2 |       ||     2
  Dodge: Dodged            |    11 |     9 ||    20
